Barbaria, chaotic female human Barbarian -------- ------ |<|>...---.%..| |^|-..DB@.)`..| |^||.=[=|K*.`.| |^||....|V../.| |^|------.----| |.| |......| |.------..%%..| |............`| |``-----......| ---- -------- Barbaria the Bandit Experience level: 7 Strength: 18 Dexterity: 17 Constitution: 17 Intelligence: 10 Wisdom: 6 Charisma: 8 Health: 0(77) Energy: 15(15) Def: 5 Gold: 562 Moves: 4979 Dungeon seed: n6PqNrxqU_bj96oK Game ID: Barbaria_1542214853 Your Inventory: Coins $ - 562 gold pieces Amulets H - an uncursed amulet versus poison (being worn) Weapons a - a +0 battle-axe (weapon in hands) b - a +0 short sword Armor e - an uncursed +0 ring mail (being worn) n - an uncursed +0 pair of high boots (being worn) Comestibles c - 6 uncursed food rations r - 3 uncursed eggs P - 2 uncursed fortune cookies Q - 2 uncursed tripe rations Potions O - a blessed potion of object detection Rings K - an uncursed ring of see invisible (on left hand) Wands u - a wand of create monster (0:14) x - a wand of speed monster (0:3) D - a wand of slow monster (0:7) L - a wand of striking (0:5) Tools g - an uncursed bell v - a can of grease (0:3) A - an uncursed mirror C - an uncursed mirror S - an uncursed mirror T - an uncursed mirror Gems q - an uncursed greased worthless piece of black glass Spells and supernatural/magical abilities: Name Level Category Fail Memory W - pray for help -- divine ? -- Your skills at the end: Fighting Skills bare handed combat [Basic] Weapon Skills axe [Basic] short sword [Basic] Spellcasting Skills Final Attributes: You were piously aligned. You were poison resistant. You were hallucinating. You saw invisible. You were invisible to others. You were fast. You are dead. Vanquished creatures: a large cat 2 wolves a leprechaun a gnome king a lizard a dingo a jaguar a snake 2 apes a human zombie a soldier ant a wood nymph 3 water nymphs a rock piercer a fog cloud 2 yellow lights 2 shriekers a gnomish wizard 2 kobold mummies an elf zombie a ghoul 3 giant ants a dwarf a kobold lord 7 hill orcs a giant bat 2 dwarf zombies 2 iguanas 10 killer bees an acid blob 2 hobbits 2 large kobolds a hobgoblin 2 giant rats a brown mold a yellow mold 3 gnomes 2 gnome zombies 4 geckos 4 jackals 2 foxes 3 kobolds 5 sewer rats 7 grid bugs a bat 2 lichens 3 kobold zombies 5 newts and a partridge in a pear tree 106 creatures vanquished. Voluntary challenges: You were an atheist. You used a wielded weapon 145 times, starting on turn 60. You read items or engraved 7 times, starting on turn 2899. You never genocided any monsters. You never polymorphed an object. You never changed form. You used no wishes. You never split a pudding. You never wrote Elbereth's name. You never violated your personal moral code. Dungeon overview: The Dungeons of Doom: levels 1 to 9 Level 1 a long staircase Level 2 a long staircase Level 3 Level 4 Level 5 a delicatessen Level 6 an altar to Crom Level 7 Level 8 stairs to Sokoban Level 9 Sokoban: levels 6 to 7 Level 6 Level 7 <- You were here stairs to The Dungeons of Doom History has recorded: On T:1 you entered the Dungeons of Doom to retrieve the Amulet of Yendor! On T:335 you reached level 2 of The Dungeons of Doom. On T:568 you reached level 3 of The Dungeons of Doom. On T:597 you advanced to experience level 2. On T:1396 you advanced to experience level 3. On T:1484 you reached level 4 of The Dungeons of Doom. On T:1729 you advanced to experience level 4. On T:1988 you reached level 5 of The Dungeons of Doom. On T:2135 you advanced to experience level 5. On T:2559 you reached level 6 of The Dungeons of Doom. On T:2583 you advanced to experience level 6. On T:2896 you reached level 7 of The Dungeons of Doom. On T:3015 you reached level 9 of The Dungeons of Doom. On T:3140 you advanced to experience level 7. On T:3443 you reached level 8 of The Dungeons of Doom. On T:3483 you reached level 4 of Sokoban. On T:4004 you reached level 3 of Sokoban. Score breakdown: Gold: 562 ( 9356 points) Experience: 7 levels (13645 points) Exploration: 9 levels ( 17.65%) (12000 points) Discoveries: 14 items ( 5.69%) ( 7156 points) Valuables value: (no points given unless you survive) Artifact value: 0 ( 0 points) Variety of kills: 48 monsters ( 12.60%) (10648 points) Turncount: 4979 turns (-1348 points) Survival: died (score multiplied by 80%) Total score: 41165 Latest messages: The gray unicorn butts! The gray unicorn kicks! The gray unicorn butts! The gray unicorn kicks! The gray unicorn butts! The gray unicorn kicks! The gray unicorn butts! The gray unicorn just misses! You kill the lichen! The rothe hits! The rothe bites! (2x) Gee! All of a sudden, you can see right through yourself. You feel smart! Oh wow! Everything looks so cosmic! The lynx bumps right into you! The giant pigmy hits! The nalfeshnee misses. The snake bites! You die... Final status: Goodbye Barbaria the Barbarian, killed by a hallucinogen-distorted rothe... You died in Sokoban on dungeon level 7 with 41165 points, and 562 pieces of gold, after 4979 moves. You were level 7 with a maximum of 77 hit points when you died.